 Dungeon Sprint DCSS version 0.17-a0-1831-gaadb308 (webtiles) character file.

1106 KambridgeKobold the Unseen (level 8, -11/37 HPs)
             Began as a Spriggan Assassin on Sept 14, 2015.
             Was a Follower of Dithmenos.
             Mangled by a centaur warrior (16 damage)
             ... in the Dungeon (Sprint I: "Red Sonja").
             The game lasted 00:07:14 (1109 turns).

KambridgeKobold the Unseen (Spriggan Assassin)      Turns: 1109, Time: 00:07:14

Health: -11/37     AC:  0    Str:  8    XL:     8   Next: 11%
Magic:  9/9        EV: 27    Int: 13    God:    Dithmenos [*.....]
Gold:   429        SH:  0    Dex: 18    Spells: 0 memorised, 7 levels left

rFire  . . .     SeeInvis +     a - +2 dagger
rCold  . . .     Clarity  .     c - +0 robe
rNeg   . . .     SustAt   .     (shield restricted)
rPois  .         Gourm    .     (helmet restricted)
rElec  .         Spirit   .     d - +0 cloak
rCorr  .         Warding  .     (gloves unavailable)
rMut   .         NoTele   +     (boots unavailable)
MR     +....                    (no amulet)
Stlth  +++++++++.               (no ring)
                                j - -3 ring of protection (curse)

@: wreathed by umbra, very quick, somewhat resistant to hostile enchantments,
incredibly stealthy
A: unfitting armour, see invisible, herbivore 3, speed 3, slow metabolism 2
a: Renounce Religion


You were in the Dungeon.
You worshipped Dithmenos.
Dithmenos was aware of your devotion.
You were not hungry.

You visited 1 branch You collected 429 gold pieces.

Inventory:

Hand weapons
 a - a +2 dagger (weapon)
 b - a +0 blowgun
Missiles
 e - 3 poisoned needles
 f - 2 curare-tipped needles
Armour
 c - a +0 robe (worn)
 d - a +0 cloak (worn)
Jewellery
 j - a cursed -3 ring of protection (left hand)
Scrolls
 m - a scroll of blinking
Potions
 h - a potion of curing
 i - a potion of heal wounds
 k - 2 potions of magic
 l - a potion of berserk rage
Comestibles
 g - a bread ration


   Skills:
 - Level 1.5 Fighting
 + Level 11.3 Short Blades
 + Level 8.2 Throwing
 - Level 10.5 Dodging
 + Level 15.9 Stealth


You had 7 spell levels left.
You didn't know any spells.

Dungeon Overview and Level Annotations

Branches:
Dungeon (1/1)

Altars:
Cheibriados
Dithmenos
Elyvilon
Fedhas
Gozag
Kikubaaqudgha
Makhleb
Nemelex Xobeh
Okawaru
Qazlal
Ru
Sif Muna
Trog
Vehumet
Xom
Yredelemnul
Zin
The Shining One
Jiyva

Shops:
D %


Innate Abilities, Weirdness & Mutations

You are tiny and cannot use many weapons and most armour.
You have supernaturally acute eyesight.
You are a herbivore.
You cover ground extremely quickly.
You need consume almost no food.


Message History

You see here an arrow.
You see here a dagger.
You hit the centaur warrior but do no damage.
You hit the centaur warrior but do no damage.
The centaur warrior misses you.
You hit the centaur warrior.
The centaur warrior is lightly wounded.
Unknown command.
You barely miss the centaur warrior.
The centaur warrior is lightly wounded.
Unknown command.
You hit the centaur warrior.
The centaur warrior is lightly wounded.
The centaur warrior misses you.
Unknown command.
You hit the centaur warrior.
The centaur warrior is lightly wounded.
The centaur warrior unwields an uncursed longbow.
The centaur warrior closely misses you. The centaur warrior hits you!
You die...

.#..').#..'..#__#).'...#
.'..#..'..#..+ss'ss#...##+#
)#####'#####'#__####...'(.#
.####..#...#.####§§#####..+
.#__####..##)#§§§§§# ##
.#_..__##'#..'§§§§§+
⌠#_.∩...'..._#≈≈§§§#
##_..._##_.#'##c####
#_____###+#(#§c@.# #######
####+###


You could see 2 centaur warriors.

Vanquished Creatures
  2 kobold demonologists (D)
  A slime creature (D)
  Sigmund (D)
  A yak (D)
  An ogre (D)
  A jelly (D)
  Ijyb (D)
  A giant eyeball (D)
9 creatures vanquished.

Notes
Turn   | Place    | Note
--------------------------------------------------------------
     0 | D        | KambridgeKobold the Spriggan Assassin began the quest for the Orb.
     0 | D        | Reached XP level 1. HP: 10/10 MP: 2/2
     1 | D        | Noticed Ijyb
    25 | D        | Killed Ijyb
    25 | D        | Reached skill level 8 in Stealth
    25 | D        | Reached XP level 2. HP: 9/14 MP: 3/3
   155 | D        | Noticed an ogre
   177 | D        | Killed an ogre
   177 | D        | Reached skill level 10 in Stealth
   177 | D        | Reached XP level 3. HP: 18/18 MP: 4/4
   177 | D        | Reached XP level 4. HP: 22/22 MP: 5/5
   199 | D        | Noticed Sigmund
   212 | D        | Killed Sigmund
   212 | D        | Reached skill level 10 in Dodging
   212 | D        | Reached skill level 12 in Stealth
   212 | D        | Reached XP level 5. HP: 18/25 MP: 6/6
   212 | D        | Reached XP level 6. HP: 21/30 MP: 7/7
   314 | D        | Found a deep blue altar of Sif Muna.
   315 | D        | Noticed a jelly
   316 | D        | Found a radiant altar of Vehumet.
   320 | D        | Killed a jelly
   350 | D        | Found Miongyi's Food Emporium.
   350 | D        | Found a white marble altar of Elyvilon.
   350 | D        | Found a stormy altar of Qazlal.
   350 | D        | Found a burning altar of Makhleb.
   350 | D        | Found a sacrificial altar of Ru.
   350 | D        | Found a basalt altar of Yredelemnul.
   350 | D        | Found a glowing golden altar of the Shining One.
   350 | D        | Found a sparkling altar of Nemelex Xobeh.
   350 | D        | Found a shimmering altar of Xom.
   350 | D        | Found an opulent altar of Gozag.
   350 | D        | Found an ancient bone altar of Kikubaaqudgha.
   350 | D        | Found a glowing silver altar of Zin.
   350 | D        | Noticed a yak
   351 | D        | Found an iron altar of Okawaru.
   352 | D        | Killed a yak
   352 | D        | Reached skill level 13 in Stealth
   353 | D        | Found a bloodstained altar of Trog.
   367 | D        | Found a viscous altar of Jiyva.
   367 | D        | Found a blossoming altar of Fedhas.
   367 | D        | Noticed a slime creature
   368 | D        | Found a snail-covered altar of Cheibriados.
   368 | D        | Found a shadowy altar of Dithmenos.
   370 | D        | Killed a slime creature
   370 | D        | Reached skill level 10 in Short Blades
   370 | D        | Reached skill level 14 in Stealth
   370 | D        | Reached XP level 7. HP: 33/33 MP: 8/8
   372 | D        | Became a worshipper of Dithmenos the Shadowed
   383 | D        | Noticed a kobold demonologist
   392 | D        | Noticed a red devil
   395 | D        | Noticed a kobold demonologist
   398 | D        | Noticed a ynoxinul
   401 | D        | Killed a kobold demonologist
   401 | D        | Reached skill level 15 in Stealth
   406 | D        | Noticed an orange demon
   426 | D        | Killed a kobold demonologist
   426 | D        | Reached XP level 8. HP: 19/37 MP: 9/9
   435 | D        | Paralysed by a giant eyeball for 4 turns
   580 | D        | Noticed a demonic crawler
   580 | D        | Noticed a demonic crawler
   580 | D        | Noticed a demonic crawler
   580 | D        | Noticed a demonic crawler
  1084 | D        | Noticed a centaur warrior
  1086 | D        | Noticed a centaur warrior
  1109 | D        | Mangled by a centaur warrior

Vault maps used:
D:        dungeon_sprint_1

Action                   |  1- 3 |  4- 6 |  7- 9 || total
-------------------------+-------+-------+-------++-------
Melee: Dagger            |       |     3 |    66 ||    69
 Fire: Blowgun           |    11 |     4 |     8 ||    23
  Use: Potion            |       |       |     1 ||     1
 Stab: Sleeping          |       |     4 |     2 ||     6
